 Dungeon Crawl Stone Soup version 0.28.0-45-g0d030f2227 (webtiles) character file.

Game seed: 13829480472241358888

466 boopmooplesden the Slasher (level 6, -4/56 HPs)
             Began as a Minotaur Berserker on Apr 12, 2022.
             Was a Priest of Trog.
             Killed from afar by a white imp (7 damage)
             ... with a puff of frost
             ... summoned by Eustachio
             ... on level 4 of the Dungeon.
             The game lasted 00:03:04 (3134 turns).

boopmooplesden the Slasher (Minotaur Berserker)     Turns: 3134, Time: 00:03:05

Health: -4/56      AC:  9    Str: 21    XL:     6   Next: 81%
Magic:  5/5        EV:  8    Int:  4    God:    Trog [***...]
Gold:   188        SH:  0    Dex: 12    Spells: 5/5 levels left

rFire   . . .      SeeInvis .   a - +0 falchion
rCold   . . .      Faith    .   (no shield)
rNeg    . . .      Spirit   .   h - +0 chain mail
rPois   .          Reflect  .   (helmet restricted)
rElec   .          Harm     .   (no cloak)
rCorr   .          Rampage  .   (no gloves)
Will    .....                   (no boots)
Stlth   ..........              (no amulet)
HPRegen 0.18/turn               (no ring)
MPRegen 0.09/turn               (no ring)

@: on berserk cooldown, slowed, very slow
A: horns 2, retaliatory headbutt
a: Renounce Religion, Berserk, Trog's Hand


You were on level 4 of the Dungeon.
You worshipped Trog.
Trog was most pleased with you.
You visited 1 branch of the dungeon, and saw 4 of its levels.

You collected 188 gold pieces.

Inventory:

Hand Weapons
 a - a +0 falchion (weapon)
Armour
 b - a +0 animal skin
 e - a +0 ring mail
 h - a +0 chain mail (worn)
Wands
 i - a wand of flame (16)
 q - a wand of digging (8)
Scrolls
 g - 2 scrolls of holy word {unknown}
 k - a scroll of identify {unknown}
 m - a scroll of enchant armour {unknown}
 n - a scroll of magic mapping {unknown}
 p - a scroll of blinking {unknown}
Potions
 c - 2 potions of degeneration {unknown}
 d - a potion of curing {unknown}
 f - a potion of heal wounds {unknown}
 j - a potion of flight {unknown}
 l - a potion of haste {unknown}
 o - 2 potions of berserk rage {unknown}


   Skills:
 + Level 5.2 Fighting
 + Level 6.8 Long Blades
 + Level 5.0 Armour
 + Level 3.0 Dodging
 + Level 0.1 Stealth


You had 5 spell levels left.
You didn't know any spells.
Your spell library was empty.

Dungeon Overview and Level Annotations

Branches:
Dungeon (4/15)
 Temple: D:4-7

Altars:
Qazlal
The Shining One

Annotations:
D:4 Eustachio


Innate Abilities, Weirdness & Mutations

You have a pair of horns on your head.
You reflexively headbutt those who attack you in melee.


Message History

You are exhausted.
You feel yourself slow down. The ufetubus barely misses you.
The ufetubus hits you but does no damage.
Eustachio gestures wildly while chanting.
Eustachio blinks!
The ufetubus hits you. x3
The ufetubus hits you but does no damage.
The ufetubus closely misses you. The ufetubus barely misses you.
Eustachio gestures wildly while chanting.
Eustachio blinks!
The ufetubus barely misses you.
The ufetubus hits you but does no damage.
The ufetubus hits you but does no damage. x2
You barely miss the ufetubus. Your headbutt misses the ufetubus.
The ufetubus hits you but does no damage. x2
The ufetubus closely misses you.
The ufetubus hits you but does no damage.
You slash the ufetubus!
You kill the ufetubus!
The ufetubus disappears in a puff of smoke!
Eustachio casts a spell.
Eustachio blinks!
Eustachio drinks a potion.
Eustachio seems to grow stronger.
Eustachio gestures wildly while chanting.
You miss Eustachio. Your headbutt misses Eustachio.
Eustachio is lightly wounded.
Eustachio hits you with a +0 rapier!
You hit Eustachio.
Eustachio is moderately wounded.
Eustachio hits you with a +0 rapier!
* * * LOW HITPOINT WARNING * * *
Eustachio casts a spell.
The white imp barely misses you.
You slash Eustachio!
You headbutt Eustachio, but do no damage.
Eustachio is heavily wounded.
Eustachio hits you with a +0 rapier!
* * * LOW HITPOINT WARNING * * *
The white imp gestures at you. The puff of frost hits you!
You die...

#. ##.........##.##
#... #..#.......##.#
.#...##.##....##....#
.....#...#†)..##....#
..........)..<.#...##
...............#..##
.......[..........#
.............##.###
.....5.@.....##.#
...#..@5.....####
...#.....#....#
#......###...#
.....#..#######
.##..##†.# #........#
...........#
#..........#


You could see Eustachio (strong) and 2 white imps.

Vanquished Creatures
  The ghost of Icepheonix32 the Caller, an amateur MfSu (D:3)
  The ghost of nickcage the Digger, an amateur GrEE (D:3)
  A scorpion (D:4)
  A hound (D:4)
  A centaur skeleton (D:3)
  Robin (D:2)
  3 adders
  2 dart slugs
  An orc (D:3)
  3 ball pythons
  7 endoplasms
  4 giant cockroaches
  12 goblins
  12 hobgoblins
  7 jackals (D:1)
  4 kobolds
  2 quokkas (D:1)
  7 bats
  3 frilled lizards
  11 rats
84 creatures vanquished.

Notes
Turn   | Place    | Note
-------+----------+-------------------------------------------
     0 | D:1      | boopmooplesden the Minotaur Berserker began the quest for
                  | the Orb.
     0 | D:1      | Reached XP level 1. HP: 19/19 MP: 0/0
   171 | D:1      | Reached XP level 2. HP: 19/27 MP: 1/1
   459 | D:1      | Reached skill level 4 in Long Blades
   573 | D:1      | Reached ** piety under Trog
   641 | D:1      | Reached XP level 3. HP: 22/33 MP: 2/2
  1410 | D:2      | Noticed Robin
  1432 | D:2      | Killed Robin
  1802 | D:2      | Reached XP level 4. HP: 41/41 MP: 3/3
  2423 | D:3      | Found a stormy altar of Qazlal.
  2533 | D:3      | Reached skill level 5 in Long Blades
  2546 | D:3      | Found a runed translucent gate.
  2546 | D:3      | Found a runed translucent gate.
  2548 | D:3      | Found a runed translucent gate.
  2550 | D:3      | Noticed nickcage's ghost (amateur GrEE)
  2550 | D:3      | Noticed Icepheonix32's ghost (amateur MfSu)
  2556 | D:3      | Killed nickcage's ghost
  2557 | D:3      | Reached skill level 5 in Fighting
  2557 | D:3      | Reached skill level 6 in Long Blades
  2557 | D:3      | Reached XP level 5. HP: 48/48 MP: 4/4
  2558 | D:3      | Killed Icepheonix32's ghost
  2559 | D:3      | Reached XP level 6. HP: 56/56 MP: 5/5
  2591 | D:3      | Reached *** piety under Trog
  2756 | D:3      | Found a glowing golden altar of the Shining One.
  3104 | D:4      | Reached skill level 5 in Armour
  3105 | D:4      | Noticed Eustachio
  3134 | D:4      | Killed from afar by a white imp

Illustrated notes

Levels and vault maps discovered:
D:1:      erik_arrival_triangle_small, layout_loops_corners,
          minmay_rat_gold_closets
D:2:      layout_basic, nrook_campfire, uniq_robin
D:3:      layout_loops_cross, nicolae_qazlal_general_emergency,
          mainiacjoe_overflow_concentric_impassable, gammafunk_ghost_cemetery
D:4:      layout_cave_pools, eat_drink_and_be_merry_uskayaw,
          minmay_temple_entry_fiery, st_stairs_5, minmay_ruptured,
          uniq_eustachio

Skill      XL: |  1  2  3  4  5  6 |
---------------+-------------------+-----
Fighting       | 4 5 |  5.2
Long Blades    | 4 6 |  6.8
Armour         | 3 4 5 |  5.0
Dodging        | 3 |  3.0
Stealth        | |  0.1

Action                   |  1- 3 |  4- 6 || total
-------------------------+-------+-------++-------
Melee: Falchion          |   109 |    75 ||   184
       Headbutt          |    12 |    13 ||    25
       Punch             |     1 |     1 ||     2
Invok: Berserk           |       |     3 ||     3
Armor: Animal skin       |     1 |       ||     1
       Ring mail         |    25 |       ||    25
       Chain mail        |    30 |    39 ||    69
Dodge: Dodged            |    54 |    32 ||    86
